 Dungeon Crawl Stone Soup version 0.29.0-5-ge4962eb29e (webtiles) character file.

Game seed: 6502362153919174021

9492 tilp the Cleaver (level 11, -10/104 HPs)
             Began as a Minotaur Berserker on Aug 30, 2022.
             Was an Elder of Trog.
             Mangled by a rakshasa
             ... wielding a +0 trident
              (19 damage)
             ... on level 10 of the Dungeon.
             The game lasted 00:13:36 (7420 turns).

tilp the Cleaver (Minotaur Berserker)               Turns: 7420, Time: 00:13:36

Health: -10/104    AC: 18    Str: 31    XL:     11   Next: 23%
Magic:  10/10      EV: 15    Int:  4    God:    Trog [****..]
Gold:   440        SH:  0    Dex: 11    Spells: 10/10 levels left

rFire   . . .      SeeInvis .   b - +1 broad axe (flame)
rCold   . . .      Faith    .   (no shield)
rNeg    . . .      Spirit   .   l - +0 storm dragon scales
rPois   .          Reflect  .   f - +0 hat
rElec   +          Harm     .   s - +0 cloak
rCorr   .          Rampage  .   r - +0 pair of gloves
Will    .....                   h - +2 pair of boots
Stlth   ..........              y - amulet of regeneration
HPRegen 1.07/turn               I - +4 ring of evasion
MPRegen 0.12/turn               E - +6 ring of strength

@: on berserk cooldown, slowed, studying Fighting, very slow
A: horns 2, retaliatory headbutt
a: Renounce Religion, Berserk, Trog's Hand, Brothers in Arms


You were on level 10 of the Dungeon.
You worshipped Trog.
Trog was greatly pleased with you.
You visited 1 branch of the dungeon, and saw 10 of its levels.

You collected 572 gold pieces.
You spent 132 gold pieces at shops.

Inventory:

Hand Weapons
 a - a +0 vampiric war axe
 b - a +1 broad axe of flaming (weapon)
 j - a +1 hand axe
 B - a +3 battleaxe of electrocution
Missiles
 e - 98 stones
 p - 20 poisoned darts (quivered)
 v - 12 boomerangs
 A - 5 curare-tipped darts
 J - 6 javelins
Armour
 d - a +0 plate armour
 f - a +0 hat (worn)
 h - a +2 pair of boots (worn)
 l - +0 storm dragon scales (worn)
 o - a +0 kite shield
 r - a +0 pair of gloves (worn)
 s - a +0 cloak (worn)
Jewellery
 w - a +6 ring of dexterity
 y - an amulet of regeneration (around neck)
 E - a +6 ring of strength (right hand)
 F - a ring of flight
 I - a +4 ring of evasion (left hand)
Wands
 t - a wand of flame (22)
 C - a wand of iceblast (10)
 D - a wand of polymorph (12)
 H - a wand of mindburst (7)
 L - a wand of quicksilver (4)
Scrolls
 m - 2 scrolls of identify
 x - a scroll of brand weapon
 M - a scroll of magic mapping
Potions
 c - 3 potions of haste
 g - 2 potions of lignification
 i - 7 potions of curing
 k - 4 potions of attraction
 n - a potion of magic
 q - 2 potions of resistance
 u - a potion of might
 z - a potion of flight
 G - a potion of mutation


   Skills:
 + Level 11.7 Fighting
 * Level 13.7 Axes
 - Level 6.0 Throwing
 - Level 6.0 Armour
 + Level 7.0 Dodging
 + Level 2.6 Stealth
 - Level 6.0 Evocations


You had 10 spell levels left.
You didn't know any spells.
Your spell library was empty.

Dungeon Overview and Level Annotations

Branches:
Dungeon (10/15)            Temple (0/1) D:4            Lair (0/5) D:8
    Orc (0/2) D:10

Altars:
Gozag
Hepliaklqana
Kikubaaqudgha
Makhleb
Nemelex Xobeh
Okawaru
Sif Muna
Vehumet
Xom
Yredelemnul
Zin

Shops:
D:2 !   D:5 (   D:6 *

Annotations:
D:3 2 transporters


Innate Abilities, Weirdness & Mutations

You have a pair of horns on your head.
You reflexively headbutt those who attack you in melee.


Message History

You feel yourself slow down.
The rakshasa hits you from afar with a +0 trident!
* * * LOW HITPOINT WARNING * * *
The rakshasa hits you with a +0 trident.
* * * LOW HITPOINT WARNING * * *
You slice the rakshasa!! You burn the rakshasa!
You kill the rakshasa!
The rakshasa shimmers and vanishes!
The rakshasa blinks!
Unknown command.
Unknown command.
The rakshasa blinks!
The rakshasa blinks!
The rakshasa hits you from afar with a +0 trident!
* * * LOW HITPOINT WARNING * * *
Blink to where?
Press: ? - help, Dir - move target
As you read the scroll of blinking, it crumbles to dust.
A purple ugly thing comes into view.
The purple ugly thing gurgles horribly!
The purple ugly thing stings you!
* * * LOW HITPOINT WARNING * * *
The purple ugly thing barely misses you.
Unknown command.
Okay, then.
You feel better.
The purple ugly thing stings you but does no damage.
The rakshasa hits you but does no damage.
You feel better.
The purple ugly thing stings you but does no damage.
The rakshasa hits you from afar with a +0 trident!
* * * LOW HITPOINT WARNING * * *
The purple ugly thing closely misses you.
You furiously retaliate!
You headbutt the purple ugly thing!
Unknown command.
You feel better.
The rakshasa hits you but does no damage.
The purple ugly thing stings you!
* * * LOW HITPOINT WARNING * * *
The rakshasa hits you from afar with a +0 trident!!
You die...

##...+......#..
##...#......#..
##...#......#..
##...#......#..
####...#......#..
########...####'#.#..
#######.........###..
######...............
###.@u........######.
#####.#####.....#....#.
#####R#...#.....#....#.
########..#...#.....#....#.
#######...+...#.....'....#.
######....#...#.....#....#.
###.......#...'.....#....#.
#
####...R...#####.....#....#.
#
####......[..........#....#.


You could see a purple ugly thing and 2 rakshasas.

Vanquished Creatures
  A hydra (D:10)
  Pikel (D:7)
  An ugly thing (D:7)
  Maurice (D:9)
  A gargoyle (D:7)
  A komodo dragon (D:6)
  Maggie (D:7)
  4 trolls
  Prince Ribbit (D:9)
  2 hornets (D:10)
  A shadow (D:9)
  2 wraiths
  Eustachio (D:7)
  2 wyverns
  A vampire (D:7)
  Grum (D:9)
  2 steam dragons
  2 water moccasins
  5 orc warriors
  A sky beast (D:6)
  An ice beast (D:5)
  4 ogres
  2 wolves (D:9)
  A centaur (D:4)
  A phantom (D:5)
  4 lemures (D:7)
  4 bullfrogs
  A kobold brigand (D:8)
  A necrophage (D:6)
  2 gnoll sergeants (D:7)
  5 scorpions
  2 wights (D:7)
  A killer bee (D:10)
  4 howler monkeys
  5 hounds
  An orc priest (D:9)
  A gnoll bouda (D:9)
  7 iguanas
  3 orc wizards
  3 adders
  4 gnolls
  4 white imps
  An ufetubus (D:6)
  3 worms
  9 dart slugs
  21 orcs
  5 bats
  5 endoplasms
  3 giant cockroaches
  5 goblins
  6 hobgoblins
  12 jackals
  10 kobolds
  3 quokkas
  7 ball pythons
  5 frilled lizards
  5 rats
193 creatures vanquished.

Vanquished Creatures (others)
  2 kobolds (D:8)
2 creatures vanquished.

Grand Total: 195 creatures vanquished

Notes
Turn   | Place    | Note
-------+----------+-------------------------------------------
     0 | D:1      | tilp the Minotaur Berserker began the quest for the Orb.
     0 | D:1      | Reached XP level 1. HP: 19/19 MP: 0/0
    38 | D:1      | Reached skill level 4 in Axes
   136 | D:1      | Reached XP level 2. HP: 19/27 MP: 1/1
   629 | D:1      | Reached XP level 3. HP: 33/33 MP: 2/2
   650 | D:1      | Reached ** piety under Trog
   697 | D:1      | Reached skill level 5 in Axes
   905 | D:2      | Found Ypnimuha's Distillery.
   912 | D:2      | Bought a potion of degeneration for 11 gold pieces
  1516 | D:3      | Found a transporter.
  1632 | D:3      | Found a hazy altar of Hepliaklqana.
  1643 | D:3      | Reached XP level 4. HP: 40/40 MP: 3/3
  1813 | D:3      | Found a transporter.
  1870 | D:3      | Reached skill level 6 in Axes
  2044 | D:2      | Bought a potion of curing for 33 gold pieces
  2044 | D:2      | Bought a potion of attraction for 33 gold pieces
  2044 | D:2      | Bought a potion of curing for 33 gold pieces
  2224 | D:4      | Reached *** piety under Trog
  2432 | D:4      | Found a sparkling altar of Nemelex Xobeh.
  2432 | D:4      | Found an opulent altar of Gozag.
  2508 | D:4      | Found a staircase to the Ecumenical Temple.
  2546 | D:4      | Reached XP level 5. HP: 41/46 MP: 4/4
  2668 | D:4      | Reached skill level 1 in Throwing
  2678 | D:4      | Noticed a centaur
  2689 | D:4      | Killed a centaur
  2690 | D:4      | Reached XP level 6. HP: 53/53 MP: 5/5
  2716 | D:4      | Reached skill level 7 in Axes
  2914 | D:5      | Entered Level 5 of the Dungeon
  3047 | D:5      | Found an ancient bone altar of Kikubaaqudgha.
  3060 | D:5      | Noticed an ice beast
  3067 | D:5      | Killed an ice beast
  3068 | D:5      | Reached skill level 5 in Fighting
  3174 | D:5      | Reached XP level 7. HP: 48/61 MP: 6/6
  3180 | D:5      | Reached skill level 8 in Axes
  3264 | D:5      | Found Ecaps's Firing Range.
  3301 | D:5      | Found a basalt altar of Yredelemnul.
  3540 | D:5      | Reached skill level 10 in Axes
  3540 | D:5      | Reached skill level 5 in Armour
  3540 | D:5      | Reached skill level 5 in Evocations
  3540 | D:5      | Reached XP level 8. HP: 78/78 MP: 7/7
  3659 | D:6      | Found Jupnium's CLEARANCE SALE!.
  3668 | D:6      | Bought a potion of curing for 9 gold pieces
  3668 | D:6      | Bought a +0 pair of gloves for 13 gold pieces
  3884 | D:6      | Reached skill level 11 in Axes
  3884 | D:6      | Reached XP level 9. HP: 83/83 MP: 8/8
  4290 | D:6      | Noticed a komodo dragon
  4302 | D:6      | Killed a komodo dragon
  4303 | D:6      | Reached skill level 5 in Throwing
  5095 | D:7      | Noticed Eustachio
  5126 | D:7      | Killed Eustachio
  5127 | D:7      | Noticed Pikel
  5136 | D:7      | Killed Pikel
  5335 | D:7      | Reached skill level 10 in Fighting
  5361 | D:7      | Noticed Maggie
  5374 | D:7      | Killed Maggie
  5375 | D:7      | Reached skill level 12 in Axes
  5375 | D:7      | Reached XP level 10. HP: 93/93 MP: 9/9
  5475 | D:7      | Noticed a gargoyle
  5476 | D:7      | Noticed a brown ugly thing
  5491 | D:7      | Killed a brown ugly thing
  5492 | D:7      | Killed a gargoyle
  5978 | D:8      | Found a burning altar of Makhleb.
  5980 | D:8      | Found a glowing silver altar of Zin.
  5980 | D:8      | Noticed an angel
  5981 | D:8      | Noticed a green death
  6092 | D:8      | Found a staircase to the Lair.
  6207 | D:9      | Noticed Maurice
  6240 | D:9      | Reached **** piety under Trog
  6245 | D:9      | Noticed Grum
  6251 | D:9      | Reached skill level 1 in Stealth
  6255 | D:9      | Killed Grum
  6255 | D:9      | Noticed Prince Ribbit
  6260 | D:9      | Killed Prince Ribbit
  6261 | D:9      | Reached skill level 13 in Axes
  6262 | D:9      | Found a shimmering altar of Xom.
  6554 | D:9      | Killed Maurice
  6591 | D:9      | Found an iron altar of Okawaru.
  6593 | D:9      | Found a radiant altar of Vehumet.
  6603 | D:9      | Found a shimmering blue altar of Sif Muna.
  6651 | D:9      | Reached XP level 11. HP: 91/102 MP: 10/10
  6901 | D:10     | Entered Level 10 of the Dungeon
  6901 | D:10     | Found a staircase to the Orcish Mines.
  7360 | D:10     | Noticed a rakshasa
  7374 | D:10     | Noticed a six-headed hydra
  7389 | D:10     | Killed a three-headed hydra
  7416 | D:10     | Noticed a purple ugly thing
  7420 | D:10     | Mangled by a rakshasa

Illustrated notes

Levels and vault maps discovered:
D:1:      dpeg_arrival_three_smaller_balls, layout_basic
D:2:      layout_basic, serial_shops,
          nicolae_shop_temple_entry_statues_fountains
D:3:      gammafunk_steamed_eel, layout_basic,
          mainiacjoe_overflow_small_starburst, minmay_misc_feat_tiny
D:4:      layout_rooms, grunt_temple_overflow_opulence,
          minmay_temple_entry_grid, minmay_joined_circles
D:5:      layout_cave_pools, nicolae_overflow_crystal_walls,
          lemuel_crystal_altar, nicolae_shop_firing_range
D:6:      minmay_chambers_of_threes, layout_loops_corners,
          nicolae_shop_clearance
D:7:      minmay_blocky_corners, layout_basic, chequers_jeans, sword_in_stone,
          uniq_maggie, uniq_pikel
D:8:      layout_rooms, grunt_temple_overflow_order_and_chaos_2,
          lair_entry_dummy, hangedman_abyss_or_decor_stabs
D:9:      layout_cave_pools, grunt_temple_overflow_open, st_stairs_4,
          uniq_prince_ribbit1, uniq_maurice, uniq_grum
D:10:     hangedman_cross_veins, layout_irregular_city, orc_0_dummy,
          muffindrake_ghost_dual_entry

Skill      XL: |  1  2  3  4  5  6  7  8  9 10 11 |
---------------+----------------------------------+-----
Axes           | 4 5 6 7 10 11 12 13 | 13.7
Fighting       | 4 5 9 10 11 | 11.7
Throwing       | 1 2 4 6 |  6.0
Armour         | 3 5 6 |  6.0
Dodging        | 3 6 7 |  7.0
Evocations     | 5 6 |  6.0
Stealth        | 1 2 |  2.6

Action                   |  1- 3 |  4- 6 |  7- 9 | 10-12 || total
-------------------------+-------+-------+-------+-------++-------
Melee: Hand axe          |    71 |       |       |       ||    71
       Headbutt          |    12 |    13 |    46 |    37 ||   108
       Punch             |     1 |       |     2 |     2 ||     5
       War axe           |    27 |    92 |   157 |       ||   276
       Broad axe         |       |       |       |   142 ||   142
       Unarmed           |       |       |       |     5 ||     5
Throw: Dart              |       |     1 |     9 |       ||    10
Invok: Berserk           |     1 |     2 |     5 |     3 ||    11
       Trog's Hand       |       |       |     2 |     2 ||     4
  Use: Scroll            |     4 |     8 |     8 |     4 ||    24
       Potion            |       |       |     4 |     4 ||     8
Armor: Animal skin       |     6 |       |       |       ||     6
       Plate armour      |    50 |       |       |       ||    50
       Storm dragon scal |       |    64 |   116 |    76 ||   256
       Skin              |       |       |       |     4 ||     4
Dodge: Dodged            |    49 |    30 |    86 |   136 ||   301
